 Dungeon Crawl Stone Soup version 0.23.2-33-g5129a83184 (webtiles) character file.

Game seed: 8017924125851421324

250 Joat the Shield-Bearer (level 5, -4/42 HPs)
             Began as a Demonspawn Fighter on July 4, 2019.
             Slain by an orc
             ... wielding a +0 flail
              (5 damage)
             ... on level 3 of the Dungeon.
             The game lasted 00:07:52 (2447 turns).

Joat the Shield-Bearer (Demonspawn Fighter)         Turns: 2447, Time: 00:07:55

Health: -4/42      AC:  5    Str: 16    XL:     5   Next: 88%
Magic:  5/5        EV:  7    Int: 11    God:
Gold:   134        SH: 14    Dex: 12    Spells: 4/4 levels left

rFire    . . .     SeeInvis .   a - +2 dagger (venom)
rCold    . . .     Gourm    .   k - +0 large shield
rNeg     . . .     Faith    .   o - +0 leather armour (curse)
rPois    .         Spirit   .   (no helmet)
rElec    .         Reflect  .   (no cloak)
rCorr    .         Harm     .   (no gloves)
MR       .....                  t - +1 pair of boots
Stlth    +.........             (no amulet)
HPRegen  0.14/turn              (no ring)
MPRegen  0.09/turn              (no ring)

@: no status effects
A: claws 1, powered by pain 1, rot immunity
a: no special abilities


You were on level 3 of the Dungeon.
You were not hungry.

You visited 1 branch of the dungeon, and saw 3 of its levels.

You collected 134 gold pieces.

Inventory:

Hand Weapons
 a - a +2 dagger of venom (weapon)
 b - a +1 dagger of flaming
Armour
 c - a +0 shield
 k - a +0 large shield (worn)
 m - a +0 scale mail
 o - a cursed +0 leather armour (worn)
 r - a +1 robe of magic resistance
 t - a +1 pair of boots (worn)
 u - a +0 leather armour of fire resistance
Jewellery
 j - a +3 ring of evasion {unknown}
Scrolls
 g - 2 scrolls of identify
 h - a scroll of teleportation {unknown}
 i - a scroll of amnesia {unknown}
 l - a scroll of magic mapping
 q - a scroll of enchant weapon {unknown}
Potions
 e - 2 potions of brilliance
 n - a potion of heal wounds
 p - a potion of cancellation
 s - a potion of curing
Comestibles
 d - 2 chunks of flesh
 f - 4 rations


   Skills:
 + Level 4.0 Fighting
   Level 1.7 Axes
 - Level 2.6 Armour
 * Level 5.5 Shields


You had 4 spell levels left.
You didn't know any spells.
Your spell library was empty.

Dungeon Overview and Level Annotations

Branches:
Dungeon (3/15)

Altars:
Wu Jian


Innate Abilities, Weirdness & Mutations

You have sharp fingernails.
You sometimes gain a little power by taking damage.
You are immune to rotting.


Message History

* * * LOW HITPOINT WARNING * * *
You hit the orc.
The orc looks even sicker.
The orc is heavily wounded.
You block the orc's attack. x2; The orc hits you but does no damage.
You hit the orc.
The orc looks as sick as possible!
The orc is almost dead.
You kill the orc!
You block the orc's attack. x2
You hit the orc priest.
The orc priest is poisoned.
The orc priest is lightly wounded.
The orc looks more healthy.
You block the orc priest's attack. The orc barely misses you.
You block the orc's attack. The orc priest hits you.
* * * LOW HITPOINT WARNING * * *
You hit the orc priest.
The orc priest looks as sick as possible!
The orc priest is moderately wounded.
The orc hits you with a +0 whip.
* * * LOW HITPOINT WARNING * * *
The orc hits you with a +0 flail.
You die...

###(.. ##..# ..
.#.#########..###### ..
...........)....... .#
#.######..รท##......
####.######.######(####......
.....#.............o.........
##.....###....%.o###..#......
...#### #..#<####o....... ..
##..## ##....(.o@o..#..... .
###..###.....#######......
...........#.# ....o
........####.# ...o
#..###..## #.# ##)###...# #.#
##.#...#..##.# .#...####.##.#
......# ...


You could see an orc priest and 2 orcs.

Vanquished Creatures
  Sigmund (D:3)
  3 adders
  A worm (D:3)
  2 leopard geckos (D:1)
  3 orcs (D:3)
  2 giant cockroaches (D:1)
  5 goblins
  10 hobgoblins
  A quokka (D:3)
  2 ball pythons
  3 bats
  4 frilled lizards
  6 kobolds
  8 rats
  A plant (D:1)
52 creatures vanquished.

Notes
Turn   | Place    | Note
-------+----------+-------------------------------------------
     0 | D:1      | Joat the Demonspawn Fighter began the quest for the Orb.
     0 | D:1      | Reached XP level 1. HP: 18/18 MP: 1/1
    33 | D:1      | Reached skill level 3 in Shields
    93 | D:1      | Gained mutation: You are immune to rotting. [demonic
                  | ancestry]
    93 | D:1      | Reached XP level 2. HP: 17/24 MP: 2/2
   777 | D:2      | Found an ornate altar of the Wu Jian Council.
   830 | D:2      | Gained mutation: You have sharp fingernails. [demonic
                  | ancestry]
   830 | D:2      | Reached XP level 3. HP: 29/29 MP: 3/3
  1309 | D:2      | Reached skill level 4 in Shields
  1865 | D:3      | Noticed Sigmund
  2099 | D:3      | HP: 1/29 [something (10)]
  2100 | D:3      | Killed Sigmund
  2100 | D:3      | Reached skill level 5 in Shields
  2100 | D:3      | Gained mutation: You sometimes gain a little power by
                  | taking damage. [demonic ancestry]
  2100 | D:3      | Reached XP level 4. HP: 1/37 MP: 4/4
  2100 | D:3      | Reached XP level 5. HP: 2/42 MP: 5/5
  2447 | D:3      | HP: 1/42 [orc/+0 whip (5)]
  2447 | D:3      | Slain by an orc

Skill      XL: |  1  2  3  4  5 |
---------------+----------------+-----
Shields        | 3 5 |  5.5
Fighting       | 4 |  4.0
Axes           | |  1.7
Armour         | |  2.6

Action                   |  1- 3 |  4- 6 || total
-------------------------+-------+-------++-------
Melee: War axe           |    79 |       ||    79
       Short sword       |    17 |       ||    17
       Dagger            |    72 |    25 ||    97
  Use: Scroll            |     8 |       ||     8
       Potion            |     1 |       ||     1
  Eat: Chunk             |     4 |     1 ||     5
Armor: Scale mail        |    21 |       ||    21
       Leather armour    |    16 |     8 ||    24
Dodge: Dodged            |    25 |    15 ||    40
Block: Shield            |    18 |       ||    18
       Large shield      |    86 |    34 ||   120
